 Dungeon Crawl Stone Soup version 0.26-a0-651-gb41185065b (webtiles) character file.

Game seed: 17896055439559991820

3168 Lanoc the Prestidigitator (level 9, -5/69 HPs)
             Began as a Demonspawn Artificer on Oct 6, 2020.
             Was an Initiate of Gozag.
             Shot with an arrow by a centaur (10 damage)
             ... on level 8 of the Dungeon.
             The game lasted 00:12:05 (8086 turns).

Lanoc the Prestidigitator (Demonspawn Artificer)    Turns: 8086, Time: 00:12:05

Health: -5/69      AC: 10    Str: 14    XL:     9   Next: 63%
Magic:  9/9        EV: 15    Int: 12    God:    Gozag
Gold:   128        SH:  4    Dex: 16    Spells: 8/8 levels left

rFire    + . .     SeeInvis .   v - +8 mace "Grim Tooth" {vorpal, MR+}
rCold    + . .     Faith    .   b - +0 buckler
rNeg     . . .     Spirit   .   z - +2 robe {rC+}
rPois    .         Reflect  .   (helmet restricted)
rElec    .         Harm     .   p - scarf {shadows}
rCorr    .         Rampage  .   (no gloves)
MR       +....                  (no boots)
Stlth    +.........             (no amulet)
HPRegen  0.21/turn              m - ring of attention (curse)
MPRegen  0.11/turn              r - +4 ring of protection

@: no status effects
A: antennae 2, beak, yellow scales 1, demonic guardian 1, fire resistance 1,
sense surroundings 1, flame cloud immunity, subdued magic 1
a: Potion Petition, Call Merchant, Bribe Branch, Renounce Religion


You were on level 8 of the Dungeon.
You worshipped Gozag.
Gozag was aware of your devotion.
You visited 2 branches of the dungeon, and saw 9 of its levels.
You also visited: Sewer.

You collected 297 gold pieces.
You spent 42 gold pieces at shops.
You paid 127 gold pieces to Gozag.

Inventory:

Hand Weapons
 v - the +8 mace "Grim Tooth" (weapon) {vorpal, MR+}
   (You found it on level 5 of the Dungeon)

   It inflicts extra damage upon your enemies.
   It affects your resistance to hostile enchantments.
Armour
 b - a +0 buckler (worn)
 p - a scarf of shadows (worn)
 z - a +2 robe of cold resistance (worn)
Jewellery
 m - a cursed ring of attention (left hand)
 r - a +4 ring of protection (right hand)
Wands
 d - a wand of enslavement (10)
 e - a wand of random effects (13)
 n - a wand of digging (6)
 t - a wand of disintegration (12)
 w - a wand of paralysis (10)
Scrolls
 a - 3 scrolls of teleportation {unknown}
 c - a scroll of amnesia {unknown}
 f - 4 scrolls of remove curse
 g - 3 scrolls of enchant armour
 i - 3 scrolls of blinking {unknown}
 j - a scroll of fear {unknown}
 o - 2 scrolls of enchant weapon {unknown}
 q - a scroll of magic mapping
 s - a scroll of immolation {unknown}
 y - a scroll of identify
Potions
 h - 2 potions of flight
 k - a potion of curing
 l - 3 potions of might
 u - a potion of stabbing
 x - a potion of resistance {unknown}


   Skills:
 + Level 6.0 Fighting
 + Level 5.8 Armour
 + Level 5.5 Dodging
 - Level 0.8 Stealth
 * Level 0.4 Shields
 * Level 9.1 Evocations


You had 8 spell levels left.
You didn't know any spells.
Your spell library contained the following spells:

 Spells                   Type           Power        Failure   Level
 Summon Small Mammal      Summ           #...         41%         1
 Call Imp                 Summ           #.......     56%         2
 Call Canine Familiar     Summ           #.......     80%         3
 Confusing Touch          Hex            #.......     80%         3
 Gell's Gravitas          Tloc           #.........   80%         3
 Summon Guardian Golem    Hex/Summ       #.......     80%         3
 Petrify                  Tmut/Erth      #.......     99%         4
 Summon Ice Beast         Ice/Summ       #.......     99%         4
 Summon Lightning Spire   Summ/Air       #.......     99%         4
 Metabolic Englaciation   Hex/Ice        #.........   100%        5
 Yara's Violent Unravell  Hex/Tmut       #.........   100%        5


Dungeon Overview and Level Annotations

Branches:
Dungeon (8/15)             Temple (1/1) D:7           Sewer (visited)
   Lair: D:8-11

Altars:
Ashenzari
Cheibriados
Dithmenos
Elyvilon
Fedhas
Gozag
Hepliaklqana
Kikubaaqudgha
Makhleb
Nemelex Xobeh
Sif Muna
Trog
Uskayaw
Vehumet
Wu Jian
Xom
Yredelemnul
Zin
The Shining One

Shops:
D:4 *


Innate Abilities, Weirdness & Mutations

You have a pair of antennae on your head.
You are partially covered in yellow scales. (AC +2)
A weak demonic guardian rushes to your aid.
Your flesh is heat resistant. (rF+)
You are immune to clouds of flame.
You have a beak for a mouth.
You passively map a small area around you.
Your spells are a little easier to cast, but a little less powerful.


Message History

Found a plate armour.
The wyvern zombie bites you!
* * * LOW HITPOINT WARNING * * *
The ogre misses you. The orc misses you.
It was a potion of mutation.
You feel extremely strange.
You feel a strange attunement to the structure of the dungeons.
Your connection to magic feels subdued.
Your mouth lengthens and hardens into a beak!
The centaur barely misses you. The ogre closely misses you.
The centaur completely misses you.
The orc wizard mumbles some strange words.
The orc wizard flickers and vanishes!
The ogre hits you with a +0 giant club!
* * * LOW HITPOINT WARNING * * *
You block the centaur's attack.
You see here a scale mail.
The centaur wields a +0 shortbow.
The centaur shoots an arrow.
The arrow hits you!
You die...
Your body crumbles into a pile of gold.

##.## #..## *
##..# #..# ,*
##.# ≈ $* #.##
... #O.#
*....#### #l## ,
,#....@### #{# ,
#.....[o## ##{#
#....YcO{###{.#
........{o.##.##
,
........Z...#.#
#....[......l.#
*
.............##
............#
..........#


You could see an ice beast, an ogre, a centaur, an iguana, 2 orcs and a wyvern
zombie.

Vanquished Creatures
  A two-headed ogre (D:4)
  Pikel (D:7)
  A sky beast (D:8)
  A necrophage (D:6)
  A black bear (D:3)
  2 phantoms
  A centaur (D:7)
  2 ogres
  A lemure (D:7)
  4 big kobolds (Sewer)
  5 bullfrogs
  3 scorpions
  3 howler monkeys (D:7)
  A centaur zombie (D:5)
  2 bullfrog zombies
  3 hounds
  An orc wizard (D:5)
  An orc priest (D:5)
  2 worker ants
  A hound skeleton (D:7)
  A worker ant zombie (D:7)
  6 adders
  A river rat (Sewer)
  A shadow imp (D:6)
  A white imp (D:7)
  An ufetubus (D:5)
  2 oozes
  3 adder zombies
  2 adder skeletons
  4 worms
  2 dart slugs
  6 leopard geckos
  4 orcs
  4 giant cockroaches
  5 goblins
  2 hobgoblins
  2 jackals (D:4)
  2 quokkas
  3 ball pythons (Sewer)
  3 bats
  3 frilled lizards
  A jackal zombie (D:7)
  8 kobolds
  A quokka zombie (D:5)
  12 rats
117 creatures vanquished.

Vanquished Creatures (collateral kills)
  A necrophage (D:7)
  2 big kobolds (Sewer)
  A bullfrog (D:6)
  2 hounds
  An orc priest (D:5)
  A hound skeleton (D:6)
  An adder (D:3)
  An ooze (Sewer)
  A worm (D:4)
  A leopard gecko (D:3)
  4 orcs
  A quokka (D:4)
  A bat (D:3)
  2 kobolds
  A rat (Sewer)
21 creatures vanquished.

Vanquished Creatures (others)
  An adder (D:3)
1 creature vanquished.

Grand Total: 139 creatures vanquished

Notes
Turn   | Place    | Note
-------+----------+-------------------------------------------
     0 | D:1      | Lanoc the Demonspawn Artificer began the quest for the Orb.
     0 | D:1      | Reached XP level 1. HP: 15/15 MP: 1/1
   175 | D:1      | Reached skill level 1 in Dodging
   598 | D:2      | Gained mutation: A weak demonic guardian rushes to your
                  | aid. [demonic ancestry]
   598 | D:2      | Reached XP level 2. HP: 13/21 MP: 2/2
   773 | D:3      | Found a glowing drain.
   917 | Sewer    | Entered a sewer
   937 | Sewer    | Noticed a big kobold
   965 | Sewer    | Killed a big kobold
   965 | Sewer    | Gained mutation: You are partially covered in yellow
                  | scales. (AC +2) [demonic ancestry]
   965 | Sewer    | Reached XP level 3. HP: 27/27 MP: 3/3
  1011 | Sewer    | Noticed a big kobold
  1017 | Sewer    | Killed a big kobold
  1017 | Sewer    | Reached skill level 4 in Evocations
  1017 | Sewer    | Reached XP level 4. HP: 32/33 MP: 4/4
  1040 | Sewer    | Noticed a big kobold
  1045 | Sewer    | Killed a big kobold
  1045 | Sewer    | Gained mutation: You have a pair of small antennae on your
                  | head. [demonic ancestry]
  1045 | Sewer    | Reached XP level 5. HP: 29/39 MP: 5/5
  1530 | Sewer    | Reached XP level 6. HP: 46/46 MP: 6/6
  1633 | Sewer    | Reached skill level 5 in Evocations
  2673 | D:3      | Found a basalt altar of Yredelemnul.
  3024 | D:3      | Gained mutation: Your flesh is heat resistant. (rF+)
                  | [demonic ancestry]
  3024 | D:3      | Reached XP level 7. HP: 35/52 MP: 7/7
  4089 | D:4      | Noticed a two-headed ogre
  4107 | D:4      | Killed a two-headed ogre
  4107 | D:4      | Reached skill level 6 in Evocations
  4107 | D:4      | Gained mutation: You are immune to clouds of flame.
                  | [demonic ancestry]
  4107 | D:4      | Reached XP level 8. HP: 32/61 MP: 8/8
  4286 | D:4      | Reached skill level 7 in Evocations
  4317 | D:4      | Found Vonigah's General Store.
  4321 | D:4      | Bought a scroll of magic mapping for 42 gold pieces
  4827 | D:5      | Entered Level 5 of the Dungeon
  5684 | D:5      | Noticed a moth of wrath
  5687 | D:5      | Found a bloodstained altar of Trog.
  5732 | D:5      | Got a fading mace
  5732 | D:5      | Identified the +8 mace "Grim Tooth" {vorpal, MR+} (You
                  | found it on level 5 of the Dungeon)
  6137 | D:6      | Found a hide-covered altar of Uskayaw.
  6160 | D:6      | Found a shimmering altar of Xom.
  6167 | D:6      | Reached skill level 5 in Fighting
  6425 | D:6      | Found a broken altar of Ashenzari.
  6446 | D:6      | Found a burning altar of Makhleb.
  6451 | D:6      | Reached skill level 5 in Armour
  6451 | D:6      | Reached skill level 8 in Evocations
  6530 | D:6      | Gained mutation: You have a pair of antennae on your head.
                  | [demonic ancestry]
  6530 | D:6      | Reached XP level 9. HP: 68/68 MP: 9/9
  6972 | D:7      | Noticed Pikel
  6981 | D:7      | Killed Pikel
  6981 | D:7      | Reached skill level 5 in Dodging
  7085 | D:7      | Reached skill level 9 in Evocations
  7352 | D:7      | Found a staircase to the Ecumenical Temple.
  7737 | Temple   | Entered the Ecumenical Temple
  7928 | Temple   | Became a worshipper of Gozag Ym Sagoz the Greedy
  8043 | D:8      | Noticed a two-headed ogre
  8084 | D:8      | Gained mutation: You passively map a small area around you.
                  | [potion of mutation]
  8084 | D:8      | Gained mutation: Your spells are a little easier to cast,
                  | but a little less powerful. [potion of mutation]
  8084 | D:8      | Gained mutation: You have a beak for a mouth. [potion of
                  | mutation]
  8086 | D:8      | Shot with an arrow by a centaur

Illustrated notes

Levels and vault maps discovered:
D:1:      wheals_arrival_shading, layout_loops_ring, minmay_stone_trees_small,
          minivault_4
D:2:      layout_rooms, marbit_many_paths, serial_co_window_serial,
          co_window_of_opportunity_a, co_window_paths_b,
          co_window_of_opportunity_a, co_window_paths_b, co_window_paths_b,
          co_window_broadway_c, co_window_of_opportunity_b, co_window_2corner,
          co_window_corner_cb, co_window_sun, glass_columns_c, glass_columns_a,
          glass_columns_b, uniq_terence
D:3:      layout_loops_cross, nicolae_overflow_hidden_temple,
          gup_sewer_entry_bowl
D:4:      layout_cave_pods, serial_shops, shop, st_stairs_3
D:5:      layout_basic, tgw_trog, serial_corexii_hall,
          chequers_hall_statues_corner_a, corexii_hall_statues_l,
          dk_rats_in_the_wall
D:6:      layout_basic, kennysheep_mini_moat, kennysheep_flooded_box,
          hangedman_feature_mirror, makhleb_blood_cavern_becter
D:7:      layout_loops_ring, minmay_temple_entry_sparse_star,
          kennysheep_generic_room_3, uniq_pikel
D:8:      layout_cave_pods, lemuel_crystal_altar, dpeg_oklobed_lair,
          serial_shops, nicolae_shop_stone, st_stairs_14, uniq_maggie
Temple:   eino_temple_rhombus

Skill      XL: |  1  2  3  4  5  6  7  8  9 |
---------------+----------------------------+-----
Dodging        | 1 2 3 4 5 |  5.5
Armour         | 2 3 4 5 |  5.8
Fighting       | 2 3 4 5 6 |  6.0
Evocations     | 4 5 6 8 9 |  9.1
Stealth        | |  0.8
Shields        | |  0.4

Action                   |  1- 3 |  4- 6 |  7- 9 || total
-------------------------+-------+-------+-------++-------
Melee: Club              |    52 |   218 |    61 ||   331
       Short sword       |       |       |   113 ||   113
       Mace              |       |       |   126 ||   126
Evoke: Wand              |    10 |     7 |     5 ||    22
  Use: Scroll            |     4 |       |     4 ||     8
       Potion            |       |       |     1 ||     1
 Stab: Distracted        |       |       |     3 ||     3
Armor: Leather armour    |    11 |    83 |    96 ||   190
       Robe              |       |       |    15 ||    15
Dodge: Dodged            |    31 |   173 |   273 ||   477
Block: Buckler           |       |       |     4 ||     4

Table legend: (Time is in decaauts)
 A = Elapsed time spent in this place.
 B = Non-inter-level travel time spent in this place.
 C = Inter-level travel time spent in this place.
 D = Time resting spent in this place.
 E = Time spent auto-exploring this place.
 F = Levels seen in this place.
 G = Mean time per level.
                   A        B        C        D        E       F      G
               +--------+--------+--------+--------+--------+-----+--------+
         Total |   8412 |   8128 |    284 |    741 |   5839 |  10 |  841.2 |
       Dungeon |   6421 |   6186 |    235 |    574 |   4473 |   8 |  802.6 |
        Temple |    207 |    158 |     49 |      0 |    156 |   1 |  207.0 |
         Sewer |   1783 |   1783 |      0 |    167 |   1210 |   1 | 1783.0 |
               +--------+--------+--------+--------+--------+-----+--------+

Top non-repeatable levels by time:
   Sewer: 1783 daAuts
     D:3: 1607 daAuts
     D:7: 1226 daAuts
     D:4: 1075 daAuts
     D:5: 1051 daAuts
     D:6: 706 daAuts
     D:2: 447 daAuts
  Temple: 207 daAuts
     D:1: 181 daAuts
     D:8: 124 daAuts
